 Dungeon Crawl Stone Soup version 0.31-a0-234-gad7ace16ef (webtiles) character file.

Game seed: 1401403656103144585

7665 Essalna the Fighter (level 10, -1/109 HPs)
             Began as a Red Draconian Transmuter on July 10, 2023.
             Was a Follower of the Shining One.
             Slain by a yak (12 damage)
             ... on level 1 of the Lair of Beasts.
             The game lasted 00:17:45 (9171 turns).

Essalna the Fighter (Red Draconian Transmuter)      Turns: 9171, Time: 00:17:45

Health: -1/109     AC:  8    Str: 12    XL:     10   Next: 99%
Magic:  0/13       EV: 10    Int: 18    God:    the Shining One [*.....]
Gold:   528        SH:  0    Dex: 12    Spells: 8/13 levels left

rFire   . .          .
                       - Unarmed
rCold   + + +        z - melded +0 buckler {AC+3}
rNeg    . . .        (body armour unavailable)
rPois   +            (helmet currently unavailable)
rElec   .            (cloak currently unavailable)
rCorr   .            v - melded +0 pair of gloves "Ewkot" {Drain rPois rN+ Str+2}
SInv    .            (boots currently unavailable)
Will    .....        e - amulet of guardian spirit
Stlth   +            c - +4 ring of slaying
HPRegen 0.38/turn    x - ring of protection from fire
MPRegen 0.13/turn

%: guardian spirit
@: ice-form, glowing
A: freezing attack, amphibious, boosted hp, (breathe fire), AC +7, large,
unfitting armour, (fire resistance 1), (cold-blooded)
a: End Transformation, Renounce Religion, Divine Shield


You were on level 1 of the Lair of Beasts.
You worshipped the Shining One.
The Shining One was aware of your devotion.
You were a creature of crystalline ice.
You visited 3 branches of the dungeon, and saw 11 of its levels.
You also visited: Sewer and Bailey.

You collected 689 gold pieces.
You spent 161 gold pieces at shops.

Inventory:

Armour
 q - a +0 pair of gloves
 v - the +0 pair of gloves "Ewkot" (melded) {Drain rPois rN+ Str+2}
   (You bought it in a shop on level 6 of the Dungeon)

   Str:       It affects your strength (+2).
   rPois:     It protects you from poison.
   rN:        It protects you from negative energy.
   Drain:     It drains your maximum health when unequipped.
 z - a +0 buckler of protection (melded)
Jewellery
 c - a +4 ring of slaying (left front paw)
 e - an amulet of guardian spirit (around neck)
 k - an amulet of the acrobat
 m - a ring of see invisible
 x - a ring of protection from fire (right front paw)
 y - a ring of fire
 B - a ring of poison resistance
 C - the ring "Raedus" {*Corrode rN+ MP+9 Dex+5 Stlth+}
   (You found it on level 9 of the Dungeon)

   [ring of magical power]

   Dex:       It affects your dexterity (+5).
   rN:        It protects you from negative energy.
   MP:        It affects your magic capacity (+9).
   *Corrode:  It may corrode you when you take damage.
   Stlth:     It makes you more stealthy.
Wands
 n - a wand of paralysis (17)
 r - a wand of mindburst (17)
 w - a wand of flame (11)
 E - a wand of acid (5)
Scrolls
 g - 8 scrolls of identify
 i - 2 scrolls of enchant weapon
 o - a scroll of fog {unknown}
 p - a scroll of noise {unknown}
 s - 3 scrolls of teleportation {unknown}
 t - a scroll of blinking {unknown}
 A - a scroll of poison {unknown}
 D - a scroll of summoning {unknown}
Potions
 a - a potion of lignification
 b - 4 potions of attraction
 d - a potion of cancellation
 f - 2 potions of mutation
 h - 5 potions of curing
 j - a potion of degeneration
 l - 4 potions of resistance
 u - a potion of enlightenment {unknown}
 F - a potion of haste {unknown}


   Skills:
 + Level 9.4 Fighting
 - Level 1.7 Dodging
 - Level 4.0 Shields
 + Level 9.1 Unarmed Combat
 - Level 2.0 Spellcasting
 + Level 8.8 Transmutations
 - Level 6.0 Ice Magic


You had 8 spell levels left.
You knew the following spells:

 Your Spells              Type           Power      Damage    Failure   Level
a - Beastly Appendage     Tmut           66%        N/A       1%          1
b - Ice Form              Ice/Tmut       28%        N/A       9%          4

Your spell library contained the following spells:

 Spells                   Type           Power      Damage    Failure   Level
 Wereblood                Tmut           33%        N/A       1%          2
 Spider Form              Tmut/Pois      17%        N/A       9%          3
 Blade Hands              Tmut           16%        N/A       13%         5
 Ignite Poison            Fire/Tmut/Pois 12%        N/A       16%         3
 Blink                    Tloc           2%         N/A       26%         2
 Lesser Beckoning         Tloc           2%         N/A       26%         2
 Momentum Strike          Conj/Tloc      2%         3d8       26%         2
 Scorch                   Fire           2%         2d5       26%         2
 Petrify                  Tmut/Erth      17%        N/A       28%         4
 Portal Projectile        Hex/Tloc       2%         N/A       47%         3
 Summon Guardian Golem    Hex/Summ       1%         N/A       47%         3
 Tukima's Dance           Hex            1%         N/A       47%         3
 Volatile Blastmotes      Fire/Tloc      2%         2d10      47%         3
 Metabolic Englaciation   Hex/Ice        6%         N/A       82%         5
 Flame Wave               Conj/Fire      1%         2d4       87%         4
 Fulminant Prism          Conj/Hex       0%         3d5       87%         4
 Iskenderun's Mystic Bla  Conj/Tloc      1%         2d3       87%         4
 Summon Lightning Spire   Summ/Air       1%         N/A       87%         4
 Lee's Rapid Deconstruct  Erth           0%         3d4*      99%         5
 Statue Form              Tmut/Erth      11%        N/A       99%         6
 Summon Cactus Giant      Summ           0%         N/A       100%        6
 Orb of Destruction       Conj           0%         9d5       100%        7
 Spellforged Servitor     Conj/Summ      0%         N/A       100%        7
 Chain Lightning          Conj/Air       0%         2d1       100%        9


Dungeon Overview and Level Annotations

Branches:
Dungeon (9/15)             Temple (1/1) D:7            Lair (1/5) D:9
  Sewer (visited)          Bailey (visited)
    Orc: D:9-12

Altars:
Ashenzari
Cheibriados
Dithmenos
Elyvilon
Fedhas
Gozag
Hepliaklqana
Kikubaaqudgha
Makhleb
Nemelex Xobeh
Okawaru
Qazlal
Ru
Sif Muna
Trog
Uskayaw
Vehumet
Wu Jian
Xom
Yredelemnul
Zin
The Shining One

Shops:
D:4 :   D:6 [


Innate Abilities, Weirdness & Mutations

You are a creature of crystalline ice.
You have a powerful freezing melee attack.
You are amphibious.
Your maximum health is increased.
Your armour is entirely melded.
You are incapable of wielding weapons or throwing items.
((You can breathe blasts of fire.))
((Your fiery red scales are hard. (AC +7)))
You cannot fit into any form of body armour.
((Your flesh is heat resistant. (rF+)))
((You are cold-blooded and may be slowed by cold attacks.))


Message History

The +0 pair of gloves "Ewkot" {Drain rPois rN+ Str+2} unmelds from your body.
Your +0 buckler of protection unmelds from your body.
You feel protected.
The sentinel's mark upon you fades away.
A yak comes into view.
A yak comes into view.
Okay, then.
Casting: Ice Form (dangerous; 11% risk of failure)
Confirm with . or Enter, or press ? or * to list all spells.
Okay, then.
Unknown command.
Casting: Ice Form (dangerous; 11% risk of failure)
Confirm with . or Enter, or press ? or * to list all spells.
You turn into a creature of crystalline ice.
The +0 pair of gloves "Ewkot" {Drain rPois rN+ Str+2} melds into your body.
Your +0 buckler of protection melds into your body.
You feel less protected.
The yak snorts and paws the ground.
You punch the yak! You freeze the yak.
The yak is heavily wounded.
You hit the yak. You freeze the yak.
The yak is heavily wounded.
The yak gores you.
* * * LOW HITPOINT WARNING * * *
A yak comes into view.
The yak bellows!
You hit the yak. You freeze the yak.
The yak is severely wounded.
The yak gores you!
* * * LOW HITPOINT WARNING * * *
You hit the yak. You freeze the yak.
The yak is almost dead.
You hit the yak. You freeze the yak.
The yak is lightly wounded.
You hit the yak but do no damage.
The yak is lightly wounded.
You pummel the yak!! You freeze the yak!
The yak is almost dead.
The yak gores you!
You die...

#.P# #..# ##.##
#..# # ##.#### #.
#....# . ###..#
##.# #Y# ## #Y# .#
#Y# Y# #Y# .#
####Y#
.############.##.#
.........YY..Y...#
####.#############
###


You could see 4 yaks.

Vanquished Creatures
  A boulder beetle (D:7)
  Pikel (D:8)
  A black mamba (Lair:1)
  A cane toad (Lair:1)
  5 blink frogs (Lair:1)
  Grinder (D:3)
  A wyvern (Lair:1)
  A basilisk (Lair:1)
  3 steam dragons
  An acid dragon (D:6)
  4 water moccasins
  A sky beast (D:8)
  2 ice beasts
  6 orc warriors
  4 ogres
  A centaur (D:8)
  A lemure (D:8)
  3 kobold brigands
  7 bullfrogs
  3 wights (D:8)
  8 killer bees
  4 howler monkeys
  6 hounds
  3 jellies
  5 orc priests
  A sleepcap (D:8)
  Jessica (D:2)
  A gnoll bouda (D:6)
  3 iguanas (D:5)
  6 orc wizards
  7 gnolls
  13 adders
  5 shadow imps
  2 white imps
  2 ufetubi
  6 worms
  3 dart slugs (D:1)
  34 orcs
  4 bats
  5 endoplasms
  7 giant cockroaches
  9 goblins
  8 hobgoblins
  6 jackals
  5 quokkas
  8 ball pythons
  12 frilled lizards
  21 kobolds
  10 rats
253 creatures vanquished.

Notes
Turn   | Place    | Note
-------+----------+-------------------------------------------
     0 | D:1      | Essalna the Draconian Transmuter began the quest for the
                  | Orb.
     0 | D:1      | Reached XP level 1. HP: 16/16 MP: 3/3
   184 | D:1      | Reached XP level 2. HP: 23/23 MP: 3/5
   479 | D:1      | Reached XP level 3. HP: 26/29 MP: 4/6
  1089 | D:2      | Reached XP level 4. HP: 23/37 MP: 5/7
  1094 | D:2      | Learned a level 4 spell: Ice Form
  1261 | D:2      | Noticed Jessica
  1264 | D:2      | Killed Jessica
  1436 | D:3      | Found a shadowy altar of Dithmenos.
  1601 | D:3      | Found an ancient bone altar of Kikubaaqudgha.
  1828 | D:3      | Noticed Grinder
  1838 | D:3      | Killed Grinder
  1839 | D:3      | Reached XP level 5. HP: 35/46 MP: 5/8
  1839 | D:3      | Reached XP level 6. HP: 40/52 MP: 5/9
  2341 | D:4      | Found a glowing drain.
  2382 | Sewer    | Entered a sewer
  3033 | D:4      | Found Gauss's Vocational Training.
  3250 | D:5      | Entered Level 5 of the Dungeon
  3266 | D:5      | Your scales start taking on a fiery red colour.
  3266 | D:5      | Reached XP level 7. HP: 59/59 MP: 7/10
  3266 | D:5      | Gained mutation: Your flesh is heat resistant. (rF+) [Red
                  | Draconian growth]
  3307 | D:5      | Reached skill level 5 in Unarmed Combat
  3633 | D:5      | Reached skill level 5 in Fighting
  3639 | D:5      | Reached skill level 5 in Transmutations
  3850 | D:5      | Reached XP level 8. HP: 68/68 MP: 9/11
  4363 | D:6      | Found a hazy altar of Hepliaklqana.
  5458 | D:6      | Found Ishruhedd's Antique Armour Emporium.
  5464 | D:6      | Bought a pair of spiked gloves for 161 gold pieces
  5464 | D:6      | Identified the +0 pair of gloves "Ewkot" {Drain rPois rN+
                  | Str+2} (You bought it in a shop on level 6 of the Dungeon)
  5517 | D:7      | Noticed a boulder beetle
  5543 | D:7      | Killed a boulder beetle
  5544 | D:7      | Reached XP level 9. HP: 25/79 MP: 9/12
  5721 | D:7      | Found a staircase to the Ecumenical Temple.
  5754 | Temple   | Entered the Ecumenical Temple
  5862 | D:7      | Reached skill level 5 in Ice Magic
  6297 | D:7      | Found a shimmering altar of Xom.
  6304 | D:7      | Found a white marble altar of Elyvilon.
  6325 | D:7      | Found a glowing golden altar of the Shining One.
  6325 | D:7      | Found a glowing silver altar of Zin.
  6332 | D:7      | Found a broken altar of Ashenzari.
  6367 | D:7      | Became a worshipper of the Shining One
  6787 | D:8      | Got the Precepts of Intoxicating Gases
  6977 | D:8      | Reached XP level 10. HP: 87/88 MP: 11/13
  7070 | D:8      | Noticed Pikel
  7090 | D:8      | Killed Pikel
  7091 | D:8      | Reached skill level 1 in Shields
  7664 | D:9      | Identified the ring "Raedus" {*Corrode rN+ MP+9 Dex+5
                  | Stlth+}
  7689 | D:9      | Found a flagged portal.
  7702 | Bailey   | Entered a bailey
  8288 | D:9      | Found a staircase to the Lair.
  8294 | D:9      | Reached * piety under the Shining One
  8629 | Lair:1   | Entered Level 1 of the Lair of Beasts
  8731 | Lair:1   | Noticed a black mamba
  8737 | Lair:1   | Killed a black mamba
  9110 | Lair:1   | Noticed a cane toad
  9118 | Lair:1   | Killed a cane toad
  9129 | Lair:1   | HP: 5/109 [water moccasin (5)]
  9171 | Lair:1   | Slain by a yak

Illustrated notes

Levels and vault maps discovered:
D:1:      matt_arrival_refuge, layout_loops_ring
D:2:      layout_rooms, uniq_jessica
D:3:      layout_basic, mainiacjoe_overflow_small_starburst,
          grunt_dithmenos_smoke, minmay_pentomino_pile, uniq_grinder
D:4:      layout_cave_pools, gup_sewer_entry_glass, nicolae_shop_vocational
D:5:      layout_basic, serial_demonic, serial_demonic_a, serial_demonic_e,
          serial_demonic_d, serial_demonic_f, serial_bayou_lake_a
D:6:      layout_basic, nzn_hepliaklqana_mist_gate, serial_shops,
          nicolae_shop_back_alley_shop, corexii_item_surrounded_by_moat
D:7:      layout_rooms, nicolae_overflow_hallway_of_the_gods,
          minmay_temple_entry_junction_2
D:8:      layout_cave_pods, uniq_pikel
D:9:      layout_rooms, dpeg_oklobed_lair, enter_bailey_3
Temple:   zaba_magenta_temple
Lair:1:   layout_loops_ring, infiniplex_staircase_pool_2

Skill      XL: |  1  2  3  4  5  6  7  8  9 10 |
---------------+-------------------------------+-----
Fighting       | 2 3 4 5 7 8 9 |  9.4
Transmutations | 3 4 5 6 7 8 |  8.8
Unarmed Combat | 4 5 7 9 |  9.1
Ice Magic      | 2 3 4 5 6 |  6.0
Shields        | 4 |  4.0
Dodging        | |  1.7
Spellcasting   | |  2.0

Action                     |  1- 3 |  4- 6 |  7- 9 | 10-12 || total
---------------------------+-------+-------+-------+-------++-------
  Melee: Unarmed           |    69 |   133 |   267 |   140 ||   609
         Tailslap          |     6 |     8 |    43 |    16 ||    73
         Kick              |    22 |    28 |    76 |    32 ||   158
         Headbutt          |     8 |    16 |    39 |    15 ||    78
         Punch             |     1 |     3 |    11 |       ||    15
   Cast: Beastly Appendage |    28 |    45 |    59 |    20 ||   152
         Ice Form          |       |       |       |     9 ||     9
Ability: Breathe Fire      |       |       |     3 |     2 ||     5
  Evoke: Wand              |       |       |     3 |       ||     3
    Use: Scroll            |       |    11 |       |     2 ||    13
         Potion            |       |       |     1 |       ||     1
 Armour: Skin              |    22 |    34 |    62 |    40 ||   158
  Dodge: Dodged            |    28 |    63 |   125 |    48 ||   264
  Block: Buckler           |       |       |       |    21 ||    21

Table legend: (Time is in decaauts)
 A = Elapsed time spent in this place.
 B = Non-inter-level travel time spent in this place.
 C = Inter-level travel time spent in this place.
 D = Time resting spent in this place.
 E = Time spent auto-exploring this place.
 F = Levels seen in this place.
 G = Mean time per level.
                   A        B        C        D        E       F      G
               +--------+--------+--------+--------+--------+-----+--------+
         Total |   9217 |   8896 |    321 |    158 |   6926 |  13 |  709.0 |
       Dungeon |   7691 |   7370 |    321 |    158 |   5876 |   9 |  854.6 |
        Temple |     74 |     74 |      0 |      0 |      6 |   1 |   74.0 |
          Lair |    535 |    535 |      0 |      0 |    428 |   1 |  535.0 |
         Sewer |    437 |    437 |      0 |      0 |    309 |   1 |  437.0 |
        Bailey |    479 |    479 |      0 |      0 |    307 |   1 |  479.0 |
               +--------+--------+--------+--------+--------+-----+--------+

Top non-repeatable levels by time:
     D:6: 1413 daAuts
     D:5: 1036 daAuts
     D:8: 968 daAuts
     D:1: 886 daAuts
     D:7: 803 daAuts
     D:4: 764 daAuts
     D:3: 687 daAuts
     D:9: 606 daAuts
  Lair:1: 535 daAuts
     D:2: 525 daAuts
  Bailey: 479 daAuts
   Sewer: 437 daAuts
  Temple: 74 daAuts
